 Dungeon Crawl Stone Soup version 0.22.1-2-g9c5b331 (webtiles) character file.

64 Malhgor the Skirmisher (level 4, -1/45 HPs)
             Began as an Ogre Transmuter on Dec 2, 2018.
             Slain by a worm (11 damage)
             ... on level 2 of the Dungeon.
             The game lasted 00:07:13 (1650 turns).

Malhgor the Skirmisher (Ogre Transmuter)            Turns: 1650, Time: 00:07:14

Health: -1/45      AC:  3    Str: 14    XL:     4   Next: 12%
Magic:  5/7        EV: 10    Int: 14    God:
Gold:   86         SH:  0    Dex: 10    Spells: 1/7 levels left

rFire    . . .     SeeInvis .     - Unarmed
rCold    . . .     Gourm    .   (no shield)
rNeg     . . .     Faith    .   b - +0 robe
rPois    .         Spirit   .   (helmet restricted)
rElec    .         Reflect  .   (no cloak)
rCorr    .         Harm     .   (gloves unavailable)
MR       .....                  (boots unavailable)
Stlth    +.........             (no amulet)
HPRegen  0.15/turn              (no ring)
MPRegen  0.10/turn              (no ring)

@: no status effects
A: large, unfitting armour, tough skin 1
a: no special abilities


You were on level 2 of the Dungeon.
You were not hungry.

You visited 1 branch of the dungeon, and saw 3 of its levels.

You collected 86 gold pieces.

Inventory:

Missiles
 a - 16 arrows
Armour
 b - a +0 robe (worn)
Scrolls
 f - 3 scrolls of remove curse {unknown}
 j - a scroll of amnesia {unknown}
Potions
 c - a potion of magic {unknown}
 e - a potion of agility {unknown}
 g - 2 potions of might {unknown}
 h - a potion of lignification {unknown}
 k - a potion of curing {unknown}
Comestibles
 d - 2 rations
 i - 6 chunks of flesh


   Skills:
 - Level 3.5 Fighting
 - Level 1.7 Dodging
 - Level 3.3 Unarmed Combat
 - Level 2.4 Spellcasting
 + Level 2.1 Transmutations
 + Level 0.8 Poison Magic


You had one spell level left.
You knew the following spells:

 Your Spells              Type           Power        Failure   Level  Hunger
a - Beastly Appendage     Tmut           #.....       10%         1    #......
b - Sticks to Snakes      Tmut           #.......     14%         2    ###....
c - Spider Form           Tmut/Pois      #.........   36%         3    ###....

Your spell library contained the following spells:

 Spells                   Type           Power        Failure   Level  Hunger
 Ice Form                 Ice/Tmut       #.......     83%         4    #####..
 Blade Hands              Tmut           #.........   95%         5    ######.


Dungeon Overview and Level Annotations

Branches:
Dungeon (3/15)

Altars:

Annotations:
D:1 Done


Innate Abilities, Weirdness & Mutations

You are too large for most types of armour.
You have tough skin. (AC +1)


Message History

The worm is severely wounded.
You barely miss the worm.
The worm is severely wounded.
The worm bites you.
You hit the worm but do no damage.
The worm is severely wounded.
You hit the worm.
The worm is severely wounded.
The worm bites you.
You barely miss the worm.
The worm is severely wounded.
The worm bites you.
* * * LOW HITPOINT WARNING * * *
You barely miss the worm.
The worm is severely wounded.
The adder hisses angrily.
Casting: Sticks to Snakes (safe; 14% risk of failure)
Confirm with . or Enter, or press ? or * to list all spells.
You create a snake!
You now have 16 arrows.
The worm bites you!
You die...

####.# #.# #.# #.#
#)###########.#
#.............##
######......... ####
##.######.# ...#
##...#####.#
##.####.....)....#
...........#####@####.##
##.###..#.## #..w.S....
#.# #..#.# #S#####.#.
#.# #...#.####.# #.#
#..# #.....# #.# #.
#.##...# #.# #
#..........S..# ..#
#####...#####.# ####...#


You could see a worm, an adder and a friendly ball python.

Vanquished Creatures
  An adder (D:2)
  A worm (D:3)
  A dart slug (D:2)
  A leopard gecko (D:2)
  2 bats
  2 giant cockroaches (D:1)
  10 goblins
  4 hobgoblins
  8 jackals
  4 kobolds
  A quokka (D:2)
  2 frilled lizards
  A quokka skeleton (D:2)
  7 rats
45 creatures vanquished.

Notes
Turn   | Place    | Note
-------+----------+-------------------------------------------
     0 | D:1      | Malhgor the Ogre Transmuter began the quest for the Orb.
     0 | D:1      | Reached XP level 1. HP: 19/19 MP: 3/3
   189 | D:1      | Reached XP level 2. HP: 25/28 MP: 5/5
   326 | D:1      | Learned a level 2 spell: Sticks to Snakes
   455 | D:1      | Reached XP level 3. HP: 27/37 MP: 6/6
  1313 | D:2      | Learned a level 3 spell: Spider Form
  1541 | D:2      | Reached XP level 4. HP: 25/45 MP: 2/7
  1650 | D:2      | Slain by a worm

Skill      XL: |  1  2  3 |
---------------+----------+-----
Fighting       | 2 3 |  3.5
Unarmed Combat | 3 |  3.3
Transmutations | 2 |  2.1
Dodging        | |  1.7
Spellcasting   | |  2.4
Poison Magic   | |  0.8

Action                   |  1- 3 |  4- 6 || total
-------------------------+-------+-------++-------
Melee: Unarmed           |   202 |    24 ||   226
       Headbutt          |     1 |       ||     1
       Punch             |     4 |       ||     4
 Cast: Beastly Appendage |     1 |       ||     1
       Sticks to Snakes  |     2 |     1 ||     3
 Stab: Sleeping          |     2 |       ||     2
  Eat: Chunk             |     2 |     1 ||     3
Armor: Robe              |    41 |     4 ||    45
Dodge: Dodged            |    98 |     6 ||   104
